 Dungeon Crawl Stone Soup version 0.29-a0-284-gf9362112df (webtiles) character file.

Game seed: 15889248674470513229

562 ders the Magician (level 7, -1/45 HPs)
             Began as a Djinni Conjurer on Mar 31, 2022.
             Killed by an exploding fulminant prism (23 damage)
             ... on level 4 of the Dungeon.
             The game lasted 00:05:54 (3942 turns).

ders the Magician (Djinni Conjurer)                 Turns: 3942, Time: 00:05:55

Health: -1/45      AC:  2    Str:  6    XL:     7   Next: 58%
Gold:   218        EV: 12    Int: 22    God:
                   SH:  0    Dex: 11

rFire   + + +      SeeInvis .   (no weapon)
rCold   . . .      Faith    .   (no shield)
rNeg    . . .      Spirit   .   o - +0 robe {rC+}
rPois   ∞          Reflect  .   (no helmet)
rElec   .          Harm     .   (no cloak)
rCorr   .          Rampage  .   (no gloves)
Will    .....                   (boots unavailable)
Stlth   ++........              (no amulet)
HPRegen 0.15/turn               f - ring of fire
MPRegen 0.00/turn               h - ring of protection from cold

@: flying, very slightly contaminated
A: sickness immunity, fire resistance 2, cold vulnerability 1, float, innate
caster, HP casting, extra vitality 1
a: no special abilities


You were on level 4 of the Dungeon.
You visited 1 branch of the dungeon, and saw 4 of its levels.

You collected 218 gold pieces.

Inventory:

Armour
 a - a +0 robe
 o - a +0 robe of cold resistance (worn)
Jewellery
 f - a ring of fire (left hand)
 h - a ring of protection from cold (right hand)
Scrolls
 b - a scroll of summoning {unknown}
 c - a scroll of silence {unknown}
 d - a scroll of brand weapon {unknown}
 i - a scroll of enchant armour {unknown}
 k - 2 scrolls of identify {unknown}
 l - a scroll of torment {unknown}
 r - a scroll of noise {unknown}
 s - a scroll of fog {unknown}
Potions
 e - a potion of heal wounds
 g - a potion of flight {unknown}
 j - 2 potions of brilliance {unknown}
 m - a potion of resistance {unknown}
 n - a potion of degeneration {unknown}
 p - a potion of mutation {unknown}
 q - a potion of attraction {unknown}


   Skills:
 - Level 2.1 Dodging
 - Level 1.5 Stealth
 + Level 6.7 Spellcasting


You couldn't memorise any spells.
You knew the following spells:

 Your Spells              Type           Power      Damage    Failure   Level
a - Magic Dart            Conj           100%       1d8       1%          1
b - Searing Ray           Conj           74%        2d7       1%          2
c - Dazzling Flash        Conj/Hex       74%        N/A       1%          3
d - Fulminant Prism       Conj/Hex       18%        3d11      5%          4
e - Iskenderun's Mystic   Conj/Tloc      37%        2d9       5%          4
f - Sting                 Tmut/Pois      100%       1d8       1%          1
g - Call Imp              Summ           37%        N/A       1%          2
h - Gell's Gravitas       Tloc           37%        N/A       1%          3
Your spell library was empty.

Dungeon Overview and Level Annotations

Branches:
Dungeon (4/15)
 Temple: D:4-7

Altars:

Shops:
D:4 [

Annotations:
D:4 1 runed translucent door, DrKleor's ghost, novice FoFi


Innate Abilities, Weirdness & Mutations

You are immune to sickness and miasma.
You are immune to poison.
Your flesh is very heat resistant. (rF++)
You are vulnerable to cold. (rC-)
You float through the air rather than walking.
You learn spells naturally, not from books.
Your magical power is your life essence.
You have superior vitality. (+4 MHP)


Message History

Casting: Fulminant Prism (dangerous; 5% risk of failure)
Confirm with . or Enter, or press ? or * to list all spells.
Aiming: Magic Dart (safe; 1% risk of failure)
Press: ? - help, Shift-Dir - straight line, f - gnoll
Aim: a gnoll, wielding a +0 halberd (almost dead, 100% to hit)
The magic dart hits the gnoll.
You kill the gnoll!
Unknown command.
You start resting.
An endoplasm comes into view.
Casting: Magic Dart (safe; 1% risk of failure)
Confirm with . or Enter, or press ? or * to list all spells.
You don't know that spell.
Casting: Magic Dart (safe; 1% risk of failure)
Confirm with . or Enter, or press ? or * to list all spells.
Aiming: Searing Ray (safe; 1% risk of failure)
Press: ? - help, Shift-Dir - straight line, f - endoplasm
Aim: an endoplasm (98% to hit)
You miscast Searing Ray.
You are very lightly contaminated with residual magic.
Nothing appears to happen.
The endoplasm freezes you.
You are frozen.
The endoplasm closely misses you.
Casting: Searing Ray (safe; 1% risk of failure)
Confirm with . or Enter, or press ? or * to list all spells.
Aiming: Fulminant Prism (dangerous; 5% risk of failure)
Press: ? - help, Dir - move target, p - endoplasm You conjure a prism of explosive energy!
A fulminant prism comes into view.
The endoplasm barely misses you.
Your fulminant prism crackles loudly.
The endoplasm attacks as you move away!
The endoplasm hits you but does no damage.
Your fulminant prism explodes!
The blast of energy engulfs the endoplasm!!
You kill the endoplasm!
The blast of energy engulfs you!!
Ouch! That really hurt!
You die...

#......##.###
#.........#
#.....###.#
#...>.# ..#
#.....##.
#.....#..
#.....#.#
#.#####.#
##..####.### #@#
#........'.###.#
#........#.##..#
#........#.##.##.#
####.#+###.......#
#. ###.##### # ))#
#.## #)


There were no monsters in sight!

Vanquished Creatures
  A black bear (D:4)
  2 ogres (D:4)
  A gnoll shaman (D:4)
  2 hounds (D:4)
  A jelly (D:4)
  5 gnolls (D:4)
  7 adders
  2 worms
  6 orcs
  4 bats
  7 endoplasms
  A giant cockroach (D:3)
  4 hobgoblins
  2 jackals (D:1)
  3 kobolds
  A quokka (D:1)
  8 ball pythons
  A frilled lizard (D:3)
  5 goblins
  4 rats
67 creatures vanquished.

Vanquished Creatures (others)
  9 fulminant prisms (D:4)
  3 fungi (D:4)
  4 toadstools (D:4)
16 creatures vanquished.

Grand Total: 83 creatures vanquished

Notes
Turn   | Place    | Note
-------+----------+-------------------------------------------
     0 | D:1      | ders the Djinni Conjurer began the quest for the Orb.
     0 | D:1      | Reached XP level 1. HP: 15/15 MP: 0/0
   136 | D:1      | Reached XP level 2. HP: 16/21 MP: 0/0
   240 | D:1      | Found Lekag's Assorted Antiques.
   318 | D:1      | You are sucked into a shaft and drop 1 floor!
   531 | D:2      | Reached XP level 3. HP: 21/25 MP: 0/0
   531 | D:2      | Learned a level 1 spell: Sting
   583 | D:2      | Reached skill level 4 in Spellcasting
  1734 | D:3      | Reached XP level 4. HP: 29/31 MP: 0/0
  2474 | D:4      | Noticed an ogre
  2538 | D:4      | Reached XP level 5. HP: 29/35 MP: 0/0
  2538 | D:4      | Learned a level 2 spell: Call Imp
  2700 | D:4      | Found a runed translucent door.
  2700 | D:4      | Noticed DrKleor's ghost (novice FoFi)
  2784 | D:4      | Noticed an ogre
  2791 | D:4      | Killed an ogre
  2792 | D:4      | Reached skill level 5 in Spellcasting
  2792 | D:4      | Reached XP level 6. HP: 32/40 MP: 0/0
  2976 | D:4      | Found Loph's Armour Shop.
  3153 | D:4      | HP: 2/40 [gnoll shaman/+0 whip (14)]
  3509 | D:4      | Noticed a black bear
  3516 | D:4      | Killed a black bear
  3517 | D:4      | Reached skill level 6 in Spellcasting
  3517 | D:4      | Reached XP level 7. HP: 36/45 MP: 0/0
  3517 | D:4      | Learned a level 3 spell: Gell's Gravitas
  3942 | D:4      | Killed by an exploding fulminant prism

Illustrated notes

Levels and vault maps discovered:
D:1:      lightli_arrival_maybe_door_vault, layout_basic, serial_shops,
          nicolae_shop_advertising_works [nicolae_subvault_shop_adworks]
D:2:      layout_loops_ring
D:3:      cheibrodos_old_hovel, layout_basic, st_stairs_3
D:4:      layout_basic, serial_shops, shop, hellmonk_ghost_happy_afterlife,
          st_stairs_2, minmay_gold_behind_fungi, uniq_crazy_yiuf_cottage,
          uniq_sigmund

Skill      XL: |  1  2  3  4  5  6 |
---------------+-------------------+-----
Spellcasting   | 4 5 6 |  6.7
Dodging        | |  2.1
Stealth        | |  1.5

Action                   |  1- 3 |  4- 6 |  7- 9 || total
-------------------------+-------+-------+-------++-------
 Cast: Magic Dart        |    54 |    73 |     6 ||   133
       Searing Ray       |     1 |     3 |     2 ||     6
       Fulminant Prism   |       |     2 |     7 ||     9
       Iskenderun's Myst |       |       |     2 ||     2
  Use: Potion            |       |     1 |       ||     1
Armor: Robe              |     3 |     3 |     1 ||     7
Dodge: Dodged            |     3 |    12 |     4 ||    19

Table legend: (Time is in decaauts)
 A = Elapsed time spent in this place.
 B = Non-inter-level travel time spent in this place.
 C = Inter-level travel time spent in this place.
 D = Time resting spent in this place.
 E = Time spent auto-exploring this place.
 F = Levels seen in this place.
 G = Mean time per level.
                   A        B        C        D        E       F      G
               +--------+--------+--------+--------+--------+-----+--------+
         Total |   3942 |   3839 |    103 |    676 |   2810 |   4 |  985.5 |
       Dungeon |   3942 |   3839 |    103 |    676 |   2810 |   4 |  985.5 |
               +--------+--------+--------+--------+--------+-----+--------+

Top non-repeatable levels by time:
     D:3: 1502 daAuts
     D:4: 1143 daAuts
     D:2: 978 daAuts
     D:1: 318 daAuts
